 Dungeon Crawl Stone Soup version 0.28.0 (webtiles) character file.

Game seed: 13769719923321447683

173 Ayyar the Slasher (level 5, -4/47 HPs)
             Began as a Minotaur Berserker on Apr 21, 2022.
             Was a Believer of Trog.
             Killed from afar by Ijyb (37 damage)
             ... with a bolt of acid
             ... on level 3 of the Dungeon.
             The game lasted 00:04:27 (2937 turns).

Ayyar the Slasher (Minotaur Berserker)              Turns: 2937, Time: 00:04:28

Health: -4/47      AC:  5    Str: 23    XL:     5   Next: 28%
Magic:  4/4        EV: 11    Int:  4    God:    Trog [**....]
Gold:   130        SH:  0    Dex: 10    Spells: 4/4 levels left

rFire   . . .      SeeInvis .   a - +0 falchion
rCold   . . .      Faith    .   (no shield)
rNeg    . . .      Spirit   .   d - +0 ring mail
rPois   .          Reflect  .   (helmet restricted)
rElec   .          Harm     .   (no cloak)
rCorr   .          Rampage  .   (no gloves)
Will    .....                   (no boots)
Stlth   ..........              (no amulet)
HPRegen 0.15/turn               (no ring)
MPRegen 0.09/turn               (no ring)

@: no status effects
A: horns 2, retaliatory headbutt
a: Renounce Religion, Berserk, Trog's Hand


You were on level 3 of the Dungeon.
You worshipped Trog.
Trog was pleased with you.
You visited 1 branch of the dungeon, and saw 4 of its levels.

You collected 130 gold pieces.

Inventory:

Hand Weapons
 a - a +0 falchion (weapon)
Missiles
 g - 5 poisoned darts (quivered)
Armour
 d - a +0 ring mail (worn)
Scrolls
 b - 2 scrolls of vulnerability {unknown}
 h - a scroll of brand weapon {unknown}
 i - 3 scrolls of teleportation {unknown}
 j - a scroll of immolation {unknown}
Potions
 c - a potion of flight {unknown}
 e - 2 potions of curing {unknown}
 f - a potion of invisibility {unknown}
 k - 3 potions of brilliance {unknown}


   Skills:
 + Level 4.4 Fighting
 * Level 5.1 Long Blades
 + Level 3.5 Armour
 + Level 3.3 Dodging
 + Level 1.3 Evocations


You had 4 spell levels left.
You didn't know any spells.
Your spell library was empty.

Dungeon Overview and Level Annotations

Branches:
Dungeon (4/15)
 Temple: D:4-7

Altars:

Annotations:
D:3 Ijyb
D:4 Dowan, Duvessa


Innate Abilities, Weirdness & Mutations

You have a pair of horns on your head.
You reflexively headbutt those who attack you in melee.


Message History

Press: ? - help, Q - select action, (/) - cycle Shift-Dir - straight line, f/p - Ijyb
Aim: Ijyb, wielding a +0 club, wearing a +0 leather armour and carrying a wand of acid (8) (50% to hit)
You throw a poisoned dart. The poisoned dart hits Ijyb.
Ijyb is poisoned.
Throw: 6 darts (poison)
Press: ? - help, Q - select action, (/) - cycle Shift-Dir - straight line, f/p - Ijyb
Aim: Ijyb, wielding a +0 club, wearing a +0 leather armour and carrying a wand of acid (8) (lightly wounded, poisoned, 50% to hit)
You throw a poisoned dart. The poisoned dart hits Ijyb.
Ijyb looks even sicker.
Ijyb is lightly wounded.
Dowan, Brother of Duvessa comes into view.
He is wielding a +0 dagger.
Dowan shouts!
Dowan points at Duvessa and mumbles some strange words.
Duvessa seems to speed up.
Ijyb hits you but does no damage.
You climb upwards.
There is a stone staircase leading down here.
You hit Ijyb but do no damage.
Ijyb is moderately wounded.
Ijyb hits you with a +0 club.
You closely miss Ijyb.
Ijyb is moderately wounded.
Ijyb hits you with a +0 club.
You hit Ijyb.
Ijyb is heavily wounded.
Ijyb barely misses you.
You closely miss Ijyb.
Ijyb is heavily wounded.
Ijyb hits you with a +0 club.
You slash Ijyb! Your headbutt misses Ijyb.
Ijyb is almost dead.
Ijyb drinks a potion.
Ijyb is healed!
You barely miss Ijyb.
Ijyb is lightly wounded.
Ijyb hits you with a +0 club.
You hit Ijyb. Your headbutt misses Ijyb.
Ijyb is moderately wounded.
Ijyb barely misses you.
You hit Ijyb.
Ijyb is heavily wounded.
Ijyb zaps a wand.
The bolt of acid hits you!!!
Ouch! That really hurt!
You die...

#.#
#.....P≈≈≈P≈......#
#)# #.#
#.##..≈.≈≈≈P≈.≈...#
#.# #.#
#.###..P≈≈≈≈≈≈...##
#.# #.# #.#
##.≈.≈≈P≈≈≈### #.# #.#
#.# #..≈..≈≈≈≈≈### #.#
#.# #.#
#....≈.≈≈≈≈≈≈## #.#
#.#####.#
#..#....≈≈≈≈≈≈# #.#
#.......#
##.##..≈≈≈#≈#≈≈##.#
..#######
#...@g.≈≈####≈##.# ..#
#####.......######
############ ###)..#.#
......>....# #.....#
##########.# ##.####
....# #.# #.#
###.######.### #.#
#..........# #.#
###..#####.#.#######.#


You could see Ijyb (poisoned).

Vanquished Creatures
  Jessica (D:2)
  4 gnolls (D:3)
  A howler monkey skeleton (D:2)
  5 adders
  4 dart slugs
  A ball python (D:3)
  4 endoplasms (D:1)
  3 giant cockroaches
  A goblin (D:2)
  3 hobgoblins
  2 jackals (D:2)
  4 kobolds
  3 quokkas (D:1)
  8 bats
  3 frilled lizards
  3 rats
50 creatures vanquished.

Vanquished Creatures (others)
  5 plants (D:3)
5 creatures vanquished.

Grand Total: 55 creatures vanquished

Notes
Turn   | Place    | Note
-------+----------+-------------------------------------------
     0 | D:1      | Ayyar the Minotaur Berserker began the quest for the Orb.
     0 | D:1      | Reached XP level 1. HP: 19/19 MP: 0/0
   234 | D:1      | Reached XP level 2. HP: 27/27 MP: 1/1
   634 | D:1      | Reached skill level 4 in Long Blades
   972 | D:2      | Reached XP level 3. HP: 23/33 MP: 2/2
  1180 | D:2      | Found a faded altar of an unknown god.
  1365 | D:2      | Noticed Jessica
  1371 | D:2      | Killed Jessica
  1372 | D:2      | Reached XP level 4. HP: 40/40 MP: 3/3
  1514 | D:2      | Reached ** piety under Trog
  1889 | D:3      | Reached skill level 1 in Evocations
  2577 | D:3      | Reached skill level 5 in Long Blades
  2577 | D:3      | Reached XP level 5. HP: 41/47 MP: 4/4
  2924 | D:4      | Noticed Duvessa
  2924 | D:4      | Noticed Ijyb
  2927 | D:4      | Noticed Dowan
  2937 | D:3      | Killed from afar by Ijyb

Illustrated notes

Levels and vault maps discovered:
D:1:      psy_arrival_conway, layout_basic, serial_glass, glass_columns_a,
          glass_columns_a, glass_columns_b, glass_columns_a, glass_columns_a,
          glass_columns_a, minmay_crystal_room
D:2:      layout_loops_ring, basic_ecumenical_altar, minmay_misc_feat_diagonals,
          uniq_jessica
D:3:      layout_loops_ring, nrook_campfire, chequers_big_river
D:4:      layout_cave_pools, uniq_duvessa, uniq_edmund, uniq_sigmund,
          uniq_blork_the_orc, uniq_ijyb

Skill      XL: |  1  2  3  4 |
---------------+-------------+-----
Fighting       | 4 |  4.4
Long Blades    | 4 5 |  5.1
Armour         | 3 |  3.5
Dodging        | 3 |  3.3
Evocations     | 1 |  1.3

Action                   |  1- 3 |  4- 6 || total
-------------------------+-------+-------++-------
Melee: Falchion          |    53 |    61 ||   114
       Headbutt          |     9 |     8 ||    17
       Punch             |       |     1 ||     1
Throw: Dart              |       |     4 ||     4
Invok: Berserk           |     1 |       ||     1
Armor: Animal skin       |     7 |       ||     7
       Ring mail         |    14 |    17 ||    31
Dodge: Dodged            |    34 |    33 ||    67
